 Dungeon Crawl Stone Soup version 0.24.1-5-g77f818bfca (webtiles) character file.

Game seed: 10014410054336038939, levelgen mode: deterministic

169 Atelerd the Conjurer (level 5, -2/31 HPs)
             Began as an Octopode Wizard on Apr 23, 2020.
             Slain by an orc (4 damage)
             ... on level 3 of the Dungeon.
             The game lasted 00:07:51 (2644 turns).

Atelerd the Conjurer (Octopode Wizard)              Turns: 2644, Time: 00:07:52

Health: -2/31      AC:  3    Str:  7    XL:     5   Next: 50%
Magic:  2/11       EV: 13    Int: 21    God:
Gold:   163        SH:  0    Dex: 10    Spells: 3/12 levels left

rFire    . . .     SeeInvis .   n - +2 war axe (chop)
rCold    . . .     Gourm    .   (no shield)
rNeg     . . .     Faith    .   a - +0 hat
rPois    .         Spirit   .   (no amulet)
rElec    .         Reflect  .   (no ring)
rCorr    .         Harm     .   (no ring)
MR       .....                  (no ring)
Stlth    +++.......             (no ring)
HPRegen  0.10/turn              (no ring)
MPRegen  0.12/turn              (no ring)
                                (no ring)
                                (no ring)

@: no status effects
A: almost no armour, stealthy swim, amphibious, 8 rings, constrict 8, yellow
scales 1, camouflage 1, blink, gelatinous body 1
a: Blink


You were on level 3 of the Dungeon.
You were near starving.

You visited 1 branch of the dungeon, and saw 3 of its levels.

You collected 163 gold pieces.

Inventory:

Hand Weapons
 i - a +0 dagger
 n - a +2 war axe of chopping (weapon)
 s - a +0 falchion
Armour
 a - a +0 hat (worn)
Scrolls
 b - 2 scrolls of teleportation {unknown}
 d - a scroll of blinking {unknown}
 g - a scroll of noise {unknown}
 l - a scroll of fog {unknown}
 m - 2 scrolls of remove curse {unknown}
 q - a scroll of identify {unknown}
 r - 2 scrolls of fear {unknown}
Potions
 e - 2 potions of magic
 f - a potion of curing
 h - a potion of mutation
 j - a potion of agility {unknown}
 k - a potion of might
 o - a potion of cancellation {unknown}
Comestibles
 c - 2 rations


   Skills:
 - Level 2.0 Dodging
 - Level 2.6 Stealth
 + Level 4.0 Spellcasting
 * Level 4.2 Conjurations
   Level 1.0 Summonings
 - Level 1.0 Translocations


You had 3 spell levels left.
You knew the following spells:

 Your Spells              Type           Power        Failure   Level  Hunger
a - Magic Dart            Conj           ###.         1%          1    None
b - Mephitic Cloud        Conj/Pois/Air  ##......     21%         3    ###....
c - Blink                 Tloc           N/A          12%         2    #......
d - Conjure Flame         Conj/Fire      ##......     16%         3    ###....

Your spell library contained the following spells:

 Spells                   Type           Power        Failure   Level  Hunger
 Call Imp                 Summ           #.......     12%         2    #......
 Slow                     Hex            #.......     19%         2    #......


Dungeon Overview and Level Annotations

Branches:
Dungeon (3/15)

Altars:
Ashenzari
Cheibriados
Fedhas
Uskayaw

Annotations:
D:3 exclusion: upstairs


Innate Abilities, Weirdness & Mutations

You cannot wear most types of armour.
You are very stealthy in the water. (Stealth+)
You are amphibious.
You can wear up to eight rings at the same time.
You can use your tentacles to constrict eight enemies at once.
Your skin changes colour to match your surroundings (Stealth+).
Your rubbery body absorbs attacks. (AC +1, EV +1)
You are partially covered in yellow scales. (AC +2)
You can translocate small distances at will.


Message History

The orc throws a boomerang.
The boomerang barely misses you.
The weapon returns to the orc!
The orc priest escapes!
The orc throws a boomerang.
The boomerang hits you.
The weapon returns to the orc!
You hit the orc priest.
You kill the orc priest!
Your Spellcasting skill increases to level 4!
The orc throws a boomerang.
The boomerang closely misses you.
The weapon returns to the orc!
Unknown command.
The orc throws a boomerang.
The boomerang hits you.
* * * LOW HITPOINT WARNING * * *
The weapon returns to the orc!
The orc hits you.
* * * LOW HITPOINT WARNING * * *
You hit the orc but do no damage. Your grab misses the orc. You hit the plant.
The orc hits you.
* * * LOW HITPOINT WARNING * * *
The orc hits you.
You die...

#..........#(##.###.o.###a
#).........#.##.#####..##.
#..........#.##....###....
######.###.#.#####.# ###..
#.# #...# #.# ##.
###.####).# #.# ###.
#.....(...## #.####...
#>..).)....# #........
#.....@P.P.# #.......#
#.....o._..## #........
#.....)P.P..# #.....ยง.#
#...........#######..##
#......#...([#####..)..
########.....({......o.
#....###.#..(.....#
.....$. .##.......#
....... ........(..


You could see an orc.

Vanquished Creatures
  An orc wizard (D:3)
  An orc priest (D:3)
  3 adders (D:2)
  An adder skeleton (D:2)
  A worm (D:2)
  A dart slug (D:2)
  3 leopard geckos
  4 orcs
  A bat skeleton (D:2)
  A giant cockroach (D:2)
  7 hobgoblins
  3 quokkas
  3 ball pythons (D:2)
  7 bats
  5 frilled lizards
  12 goblins
  8 kobolds
  2 leopard gecko zombies (D:2)
  7 rats
71 creatures vanquished.

Vanquished Creatures (others)
  A fungus (D:2)
  A plant (D:2)
2 creatures vanquished.

Grand Total: 73 creatures vanquished

Notes
Turn   | Place    | Note
-------+----------+-------------------------------------------
     0 | D:1      | Atelerd the Octopode Wizard began the quest for the Orb.
     0 | D:1      | Reached XP level 1. HP: 11/11 MP: 4/4
   202 | D:1      | Reached XP level 2. HP: 17/17 MP: 0/6
   648 | D:1      | Reached XP level 3. HP: 15/21 MP: 0/7
   653 | D:1      | Learned a level 3 spell: Mephitic Cloud
   656 | D:1      | Learned a level 2 spell: Blink
  1250 | D:2      | Found a snail-covered altar of Cheibriados.
  1357 | D:2      | Reached XP level 4. HP: 27/27 MP: 9/9
  1979 | D:2      | Found a shattered altar of Ashenzari.
  1983 | D:2      | Saw a vision of the Swamp and the Snake Pit.
  1983 | D:2      | Noticed an alligator
  1983 | D:2      | Noticed a bullfrog
  1983 | D:2      | Noticed a black mamba
  1983 | D:2      | Noticed a black mamba
  1983 | D:2      | Noticed a black mamba
  1983 | D:2      | Noticed a black mamba
  1983 | D:2      | Noticed a naga ritualist
  1983 | D:2      | Noticed a naga
  1983 | D:2      | Noticed an ice beast
  1984 | D:2      | Noticed a salamander
  1985 | D:2      | Noticed a swamp drake
  2106 | D:3      | Found a blossoming altar of Fedhas.
  2129 | D:3      | Found a hide-covered altar of Uskayaw.
  2384 | D:3      | Gained mutation: You can translocate small distances at
                  | will. [potion of mutation]
  2384 | D:3      | Gained mutation: You are partially covered in yellow
                  | scales. (AC +2) [potion of mutation]
  2592 | D:3      | Reached XP level 5. HP: 28/31 MP: 1/10
  2607 | D:2      | Learned a level 3 spell: Conjure Flame
  2644 | D:3      | Slain by an orc

Levels and vault maps discovered:
D:1:      dpeg_arrival_round_c, layout_basic, chequers_jeans
D:2:      minmay_alternating_diamond, layout_basic, old_standard_altar,
          serial_undead, serial_undead_f, serial_undead_e, serial_undead_c,
          serial_undead_e, grunt_ashenzari_visionary
          [grunt_ashenzari_visionary_swamp, grunt_ashenzari_visionary_snake]
D:3:      layout_rooms, fedhas_altar_1, overflow_temple_1_default,
          gammafunk_ghost_cemetery

Skill      XL: |  1  2  3  4  5 |
---------------+----------------+-----
Conjurations   | 2 3 4 |  4.2
Spellcasting   | 4 |  4.0
Dodging        | |  2.0
Stealth        | |  2.6
Summonings     | |  1.0
Translocations | |  1.0

Action                   |  1- 3 |  4- 6 || total
-------------------------+-------+-------++-------
Melee: Constrict         |    11 |     8 ||    19
       Unarmed           |     4 |       ||     4
       Dagger            |    26 |     8 ||    34
       Tentacles         |     4 |     3 ||     7
       War axe           |       |    22 ||    22
 Cast: Magic Dart        |    61 |    55 ||   116
       Mephitic Cloud    |     2 |     5 ||     7
       Blink             |       |     5 ||     5
  Use: Potion            |       |     4 ||     4
 Stab: Confused          |       |     1 ||     1
  Eat: Chunk             |     1 |     3 ||     4
Armor: Skin              |     4 |     9 ||    13
Dodge: Dodged            |    20 |    46 ||    66
